 Dungeon Sprint DCSS version 0.28.0-62-gf88900778d (webtiles) character file.

Game seed: 1688718381644412451

1782 cbfl8 the Cleaver (level 8, -2/132 HPs)
             Began as a Minotaur Berserker on Jan 14, 2024.
             Was an Elder of Trog.
             Slain by a demonic crawler (10 damage)
             ... in the Dungeon (Sprint I: "Red Sonja").
             The game lasted 00:02:25 (1480 turns).

cbfl8 the Cleaver (Minotaur Berserker)              Turns: 1480, Time: 00:02:25

Health: -2/132     AC:  4    Str: 22    XL:     8   Next: 81%
Magic:  7/7        EV: 12    Int:  4    God:    Trog [****..]
Gold:   257        SH:  0    Dex: 12    Spells: 7/7 levels left

rFire   . . .      SeeInvis .   a - +0 hand axe
rCold   . . .      Faith    .   (no shield)
rNeg    . . .      Spirit   .   j - +0 leather armour
rPois   .          Reflect  .   (helmet restricted)
rElec   .          Harm     .   (no cloak)
rCorr   .          Rampage  .   (no gloves)
Will    .....      NoTele   +   (no boots)
Stlth   ..........              (no amulet)
HPRegen 0.32/turn               (no ring)
MPRegen 0.10/turn               (no ring)

@: berserking (expiring), very quick
A: horns 2, retaliatory headbutt
a: Renounce Religion, Berserk, Trog's Hand, Brothers in Arms


You were in the Dungeon.
You worshipped Trog.
Trog was greatly pleased with you.
You visited 1 branch You collected 413 gold pieces.
You spent 156 gold pieces at shops.

Inventory:

Hand Weapons
 a - a +0 hand axe (weapon)
Armour
 j - a +0 leather armour (worn)
Wands
 i - a wand of acid (1) (quivered)
Scrolls
 h - a scroll of blinking
Potions
 b - a potion of might
 c - 2 potions of curing
 d - 2 potions of heal wounds
 e - a potion of haste
 f - a potion of invisibility {unknown}
 g - a potion of berserk rage


   Skills:
 + Level 13.7 Fighting
 + Level 14.6 Axes
 + Level 8.3 Armour
 - Level 3.0 Dodging
 * Level 8.1 Evocations


You had 7 spell levels left.
You didn't know any spells.
Your spell library was empty.

Dungeon Overview and Level Annotations

Branches:
Dungeon (1/1)

Altars:
Cheibriados
Dithmenos
Elyvilon
Fedhas
Gozag
Hepliaklqana
Kikubaaqudgha
Makhleb
Nemelex Xobeh
Okawaru
Qazlal
Ru
Sif Muna
Trog
Uskayaw
Vehumet
Wu Jian
Xom
Yredelemnul
Zin
The Shining One
Jiyva
Lugonu

Shops:
D !


Innate Abilities, Weirdness & Mutations

You have a pair of horns on your head.
You reflexively headbutt those who attack you in melee.


Message History

You slash the demonic crawler!
Your headbutt misses the demonic crawler.
The demonic crawler is moderately wounded.
You slash the demonic crawler!
Your headbutt misses the demonic crawler.
The demonic crawler is moderately wounded.
You hit the demonic crawler but do no damage.
The demonic crawler is moderately wounded.
You hit the demonic crawler.
The demonic crawler shrieks in warning!
You hear a shout!
You hear an angry buzzing noise.
You hit the demonic crawler. You headbutt the demonic crawler.
The demonic crawler is heavily wounded.
You hit the demonic crawler.
The demonic crawler shrieks in warning!
You slash the demonic crawler!
Your headbutt misses the demonic crawler.
The demonic crawler is severely wounded.
You hit the demonic crawler but do no damage.
The demonic crawler hits you. The demonic crawler barely misses you.
The demonic crawler hits you.
You barely miss the demonic crawler.
The demonic crawler is severely wounded.
You hit the demonic crawler. The demonic crawler hits you!
* * * LOW HITPOINT WARNING * * *
The demonic crawler barely misses you.
The demonic crawler completely misses you.
You hit the demonic crawler but do no damage.
The demonic crawler is severely wounded.
You slash the demonic crawler! You slice the demonic crawler!!
The demonic crawler is almost dead.
You hit the demonic crawler. The demonic crawler hits you!
* * * LOW HITPOINT WARNING * * *
The demonic crawler hits you!
* * * LOW HITPOINT WARNING * * *
The demonic crawler closely misses you.
The demonic crawler completely misses you.
The demonic crawler hits you!
You die...

##################
.#..'..#__#..'...#
.').#.)'..'..#..s##+#
'#####'#__####..@s..#
.#...#)#### #####..+
##..##.# ## _##'#_.+
..'..._# _##_.#'#
_###+#.# ## ###


You could see 2 demonic crawlers.

Vanquished Creatures
  2 demonic crawlers (D)
  2 kobold demonologists (D)
  A slime creature (D)
  Sigmund (D)
  A yak (D)
  A floating eye (D)
  An ogre (D)
  A jelly (D)
  Ijyb (D)
11 creatures vanquished.

Notes
Turn   | Place    | Note
-------+----------+-------------------------------------------
     0 | D        | cbfl8 the Minotaur Berserker began the quest for the Orb.
     0 | D        | Reached XP level 1. HP: 19/19 MP: 0/0
     2 | D        | Noticed Ijyb
    11 | D        | Killed Ijyb
    12 | D        | Reached skill level 5 in Fighting
    12 | D        | Reached skill level 5 in Axes
    12 | D        | Reached XP level 2. HP: 21/29 MP: 1/1
   179 | D        | Noticed an ogre
   184 | D        | Killed an ogre
   185 | D        | Reached skill level 7 in Axes
   185 | D        | Reached XP level 3. HP: 23/39 MP: 2/2
   185 | D        | Reached XP level 4. HP: 28/47 MP: 3/3
   372 | D        | Noticed Sigmund
   384 | D        | Killed Sigmund
   384 | D        | Reached ** piety under Trog
   385 | D        | Reached skill level 10 in Axes
   385 | D        | Reached skill level 5 in Armour
   385 | D        | Reached XP level 5. HP: 32/57 MP: 4/4
   385 | D        | Reached XP level 6. HP: 35/63 MP: 5/5
   735 | D        | Found an ornate altar of the Wu Jian Council.
   735 | D        | Found a shimmering blue altar of Sif Muna.
   738 | D        | Found a radiant altar of Vehumet.
   875 | D        | Found Legekoh's Distillery.
   875 | D        | Found an ancient bone altar of Kikubaaqudgha.
   875 | D        | Found a hazy altar of Hepliaklqana.
   875 | D        | Found a stormy altar of Qazlal.
   875 | D        | Found a hide-covered altar of Uskayaw.
   875 | D        | Found a blossoming altar of Fedhas.
   875 | D        | Found a bloodstained altar of Trog.
   875 | D        | Found an iron altar of Okawaru.
   875 | D        | Found a basalt altar of Yredelemnul.
   875 | D        | Found a glowing golden altar of the Shining One.
   875 | D        | Found a snail-covered altar of Cheibriados.
   875 | D        | Found a sacrificial altar of Ru.
   875 | D        | Found a glowing silver altar of Zin.
   875 | D        | Found a shadowy altar of Dithmenos.
   875 | D        | Found a white marble altar of Elyvilon.
   875 | D        | Noticed a yak
   881 | D        | Killed a yak
   882 | D        | Reached skill level 10 in Fighting
   882 | D        | Reached skill level 11 in Axes
   882 | D        | Reached skill level 5 in Evocations
   882 | D        | Found an opulent altar of Gozag.
   883 | D        | Found a sparkling altar of Nemelex Xobeh.
   887 | D        | Bought a potion of might for 52 gold pieces
   887 | D        | Bought a potion of heal wounds for 65 gold pieces
   887 | D        | Bought a potion of curing for 39 gold pieces
   962 | D        | Found a burning altar of Makhleb.
   962 | D        | Found a viscous altar of Jiyva.
   962 | D        | Found a shimmering altar of Xom.
   962 | D        | Found a corrupted altar of Lugonu.
   962 | D        | Noticed a slime creature
   971 | D        | Killed a slime creature
   972 | D        | Reached skill level 12 in Axes
   972 | D        | Reached XP level 7. HP: 28/74 MP: 6/6
  1263 | D        | Noticed a kobold demonologist
  1263 | D        | Noticed a kobold demonologist
  1264 | D        | Paralysed by a floating eye for 3 turns
  1270 | D        | Noticed an orange demon
  1271 | D        | Paralysed by a floating eye for 4 turns
  1274 | D        | Noticed a chaos spawn
  1278 | D        | Paralysed by a floating eye for 3 turns
  1283 | D        | Reached *** piety under Trog
  1294 | D        | Killed a kobold demonologist
  1295 | D        | Reached skill level 13 in Axes
  1307 | D        | Noticed a rust devil
  1308 | D        | Killed a kobold demonologist
  1308 | D        | Reached **** piety under Trog
  1309 | D        | Reached XP level 8. HP: 75/85 MP: 7/7
  1459 | D        | Noticed a demonic crawler
  1459 | D        | Noticed a demonic crawler
  1459 | D        | Noticed a demonic crawler
  1459 | D        | Noticed a demonic crawler
  1471 | D        | Killed a demonic crawler
  1472 | D        | Reached skill level 14 in Axes
  1472 | D        | Killed a demonic crawler
  1480 | D        | Slain by a demonic crawler

Illustrated notes

Levels and vault maps discovered:
D:        dungeon_sprint_1 [red_sonja_temple_1, red_sonja_temple_small_1]

Skill      XL: |  1  2  3  4  5  6  7  8 |
---------------+-------------------------+-----
Fighting       | 5 7 9 11 12 13 | 13.7
Axes           | 5 7 10 12 13 14 | 14.6
Armour         | 3 4 5 6 7 8 |  8.3
Dodging        | 3 |  3.0
Evocations     | 2 4 6 7 8 |  8.1

Action                   |  1- 3 |  4- 6 |  7- 9 || total
-------------------------+-------+-------+-------++-------
Melee: Hand axe          |    10 |    23 |    44 ||    77
       Headbutt          |     2 |     4 |     7 ||    13
       Punch             |       |     1 |     1 ||     2
Invok: Berserk           |     2 |     1 |     2 ||     5
Evoke: Wand              |     1 |     4 |       ||     5
 Stab: Petrifying        |       |       |     1 ||     1
Armor: Leather armour    |       |     2 |       ||     2
Dodge: Dodged            |     3 |     5 |    19 ||    27
